 Dungeon Crawl Stone Soup version 0.24.1-8-ga250c9d538 (webtiles) character file.

Game seed: 16261820059807479296, levelgen mode: deterministic

56 Lemonice the Charmwright (level 3, -3/31 HPs)
             Began as a Gnoll Skald on Apr 29, 2020.
             Slain by an orc priest
             ... wielding a +0 whip
              (4 damage)
             ... on level 3 of the Dungeon.
             The game lasted 00:02:20 (1244 turns).

Lemonice the Charmwright (Gnoll Skald)              Turns: 1244, Time: 00:02:21

Health: -3/31      AC:  3    Str: 14    XL:     3   Next: 95%
Magic:  0/9        EV: 14    Int: 15    God:
Gold:   99         SH:  0    Dex: 14    Spells: 0/12 levels left

rFire    . . .     SeeInvis .   a - +0 mace
rCold    . . .     Gourm    .   (no shield)
rNeg     . . .     Faith    .   b - +0 leather armour
rPois    .         Spirit   .   (no helmet)
rElec    .         Reflect  .   (no cloak)
rCorr    .         Harm     .   (no gloves)
MR       .....                  (no boots)
Stlth    +.........             (no amulet)
HPRegen  0.10/turn              (no ring)
MPRegen  0.11/turn              (no ring)

@: no status effects
A: distributed training, fangs 1, strong nose
a: no special abilities


You were on level 3 of the Dungeon.
You were hungry.

You visited 1 branch of the dungeon, and saw 3 of its levels.

You collected 99 gold pieces.

Inventory:

Hand Weapons
 a - a +0 mace (weapon)
Armour
 b - a +0 leather armour (worn)
Scrolls
 e - 2 scrolls of remove curse {unknown}
 g - 3 scrolls of identify {unknown}
 i - 2 scrolls of amnesia {unknown}
 l - 2 scrolls of enchant armour {unknown}
 m - a scroll of magic mapping {unknown}
 n - a scroll of random uselessness {unknown}
 o - a scroll of teleportation {unknown}
Potions
 c - a potion of haste {unknown}
 f - a potion of flight {unknown}
 h - 2 potions of might {unknown}
 j - 2 potions of curing {unknown}
 k - a potion of lignification {unknown}
Comestibles
 d - 2 rations
 p - a chunk of flesh


   Skills:
 + Level 4.6 Fighting
 + Level 1.0 Short Blades
 + Level 1.0 Long Blades
 + Level 1.0 Axes
 + Level 4.6 Maces & Flails
 + Level 1.0 Polearms
 + Level 1.0 Staves
 + Level 1.0 Slings
 + Level 1.0 Bows
 + Level 1.0 Crossbows
 + Level 1.0 Throwing
 + Level 2.6 Armour
 + Level 4.6 Dodging
 + Level 1.0 Stealth
 + Level 1.0 Shields
 + Level 1.0 Unarmed Combat
 + Level 5.0 Spellcasting
 + Level 0.7 Conjurations
 + Level 0.7 Hexes
 + Level 5.4 Charms
 + Level 0.7 Summonings
 + Level 0.7 Necromancy
 + Level 0.7 Translocations
 + Level 0.7 Transmutations
 + Level 0.7 Fire Magic
 + Level 0.7 Ice Magic
 + Level 0.7 Air Magic
 + Level 0.7 Earth Magic
 + Level 0.7 Poison Magic
 + Level 1.0 Invocations
 + Level 1.0 Evocations


You couldn't memorise any spells.
You knew the following spells:

 Your Spells              Type           Power        Failure   Level  Hunger
a - Infusion              Chrm           ###.         2%          1    None
b - Song of Slaying       Chrm           ###.....     3%          2    ##.....
c - Shroud of Golubria    Chrm/Tloc      ##....       9%          2    ##.....
d - Regeneration          Chrm/Necr      ##........   17%         3    ###....
e - Spectral Weapon       Hex/Chrm       ##......     17%         3    ###....
f - Animate Skeleton      Necr           N/A          16%         1    None

Your spell library contained the following spells:

 Spells                   Type           Power        Failure   Level  Hunger
 Apportation              Tloc           #.....       16%         1    None
 Confusing Touch          Hex            #.....       16%         1    None
 Summon Small Mammal      Summ           #...         16%         1    None


Dungeon Overview and Level Annotations

Branches:
Dungeon (3/15)

Altars:
Dithmenos
Elyvilon


Innate Abilities, Weirdness & Mutations

Your experience applies equally to all skills.
You have very sharp teeth.
Your uncanny sense of smell can sniff out nearby items.


Message History

Your shroud falls apart!
The orc misses you. The orc priest hits you with a +0 whip.
You closely miss the orc priest.
The orc priest is moderately wounded.
You are no longer magically infusing your attacks.
The orc hits you but does no damage. The orc barely misses you.
The orc priest misses you.
You closely miss the orc priest.
The orc priest is moderately wounded.
The orc hits you with a +0 short sword. x2
* * * LOW HITPOINT WARNING * * *
The orc priest closely misses you.
You barely miss the orc priest.
The orc priest is moderately wounded.
The orc hits you with a +0 short sword.
* * * LOW HITPOINT WARNING * * *
The orc hits you with a +0 short sword.
* * * LOW HITPOINT WARNING * * *
The orc priest hits you with a +0 whip.
You die...

#....###.## #.#
##.......... #.....#.#
#.####..........
#.<...####...............
#......#...####..........
###......#.# #..........
#......).# #.<......).
##..#..#.## #..........
#.......<## ##.#..#....
#..#...)@.## #.#.......
#..[...ooo.###....#.....
##.#.......รท#...##..#._.
...#.#w##)#(...........
.# #.#............. .
#...o...).#.....
##..#...#.......
#####.#......##...
###.#...o.............


You could see a worm, an orc priest and 2 orcs.

Vanquished Creatures
  An adder (D:2)
  3 leopard geckos
  2 orcs
  4 giant cockroaches
  6 goblins
  4 hobgoblins
  4 jackals (D:2)
  5 kobolds
  A ball python (D:2)
  A bat (D:2)
  4 rats
35 creatures vanquished.

Notes
Turn   | Place    | Note
-------+----------+-------------------------------------------
     0 | D:1      | Lemonice the Gnoll Skald began the quest for the Orb.
     0 | D:1      | Reached XP level 1. HP: 20/20 MP: 6/6
   222 | D:1      | Reached XP level 2. HP: 26/26 MP: 7/7
   226 | D:1      | Learned a level 2 spell: Song of Slaying
   229 | D:1      | Learned a level 2 spell: Shroud of Golubria
   656 | D:2      | Reached XP level 3. HP: 26/31 MP: 9/9
   659 | D:2      | Reached skill level 5 in Spellcasting
   693 | D:2      | Learned a level 3 spell: Regeneration
   697 | D:2      | Learned a level 3 spell: Spectral Weapon
   699 | D:2      | Learned a level 1 spell: Animate Skeleton
  1021 | D:2      | Reached skill level 1 in Invocations
  1058 | D:2      | Found a shadowy altar of Dithmenos.
  1090 | D:3      | Found a white marble altar of Elyvilon.
  1231 | D:2      | Reached skill level 1 in Short Blades
  1231 | D:2      | Reached skill level 1 in Long Blades
  1231 | D:2      | Reached skill level 1 in Axes
  1231 | D:2      | Reached skill level 1 in Polearms
  1231 | D:2      | Reached skill level 1 in Staves
  1231 | D:2      | Reached skill level 1 in Slings
  1231 | D:2      | Reached skill level 1 in Bows
  1231 | D:2      | Reached skill level 1 in Crossbows
  1231 | D:2      | Reached skill level 1 in Throwing
  1231 | D:2      | Reached skill level 1 in Stealth
  1231 | D:2      | Reached skill level 1 in Shields
  1231 | D:2      | Reached skill level 1 in Unarmed Combat
  1231 | D:2      | Reached skill level 1 in Evocations
  1244 | D:3      | HP: 1/31 [orc/+0 short sword (3)]
  1244 | D:3      | Slain by an orc priest

Levels and vault maps discovered:
D:1:      scummos_arrival_star, layout_loops_cross
D:2:      layout_basic, marbit_many_paths
D:3:      layout_rooms, minitemple, overflow_temple_1_default

Skill      XL: |  1  2  3 |
---------------+----------+-----
Spellcasting   | 5 |  5.0
Invocations    | 1 |  1.0
Short Blades   | 1 |  1.0
Long Blades    | 1 |  1.0
Axes           | 1 |  1.0
Polearms       | 1 |  1.0
Staves         | 1 |  1.0
Slings         | 1 |  1.0
Bows           | 1 |  1.0
Crossbows      | 1 |  1.0
Throwing       | 1 |  1.0
Stealth        | 1 |  1.0
Shields        | 1 |  1.0
Unarmed Combat | 1 |  1.0
Evocations     | 1 |  1.0
Fighting       | |  4.6
Maces & Flails | |  4.6
Armour         | |  2.6
Dodging        | |  4.6
Conjurations   | |  0.7
Hexes          | |  0.7
Charms         | |  5.4
Summonings     | |  0.7
Necromancy     | |  0.7
Translocations | |  0.7
Transmutations | |  0.7
Fire Magic     | |  0.7
Ice Magic      | |  0.7
Air Magic      | |  0.7
Earth Magic    | |  0.7
Poison Magic   | |  0.7

Action                   || total
-------------------------++-------
Melee: Mace              ||    98
       Bite              ||     4
 Cast: Regeneration      ||     4
       Shroud of Golubri ||     3
       Infusion          ||     3
       Song of Slaying   ||     1
 Stab: Sleeping          ||     2
  Eat: Chunk             ||     1
Armor: Leather armour    ||    14
Dodge: Dodged            ||    84
